[Event "FIDE World Rapid Chess Championship 2021"]
[White "Dudin, Gleb"]
[Black "Theodorou, Nikolas"]
[WhiteFideId "34184934"]
[BlackFideId "4262875"]
[WhiteElo "2247"]
[BlackElo "2559"]
[Result "1/2-1/2"]
[Round "06"]
[TimeControl "900+10"]
[Date "2021.12.27"]
[WhiteClock "0:00:22"]
[BlackClock "0:00:10"]

1. d4 Nf6 2. c4 g6 3. Nc3 Bg7 4. e4 d6 5. Be2 O-O 6. Be3 Nc6 7. d5 Ne5 8. Rc1 Nfg4 9. Bd2 f5 10. exf5 gxf5 11. Nh3 e6 12. O-O Ng6 13. dxe6 Bxe6 14. Nf4 Be5 15. Nxe6 Bxh2+ 16. Kh1 Qh4 17. Bxg4 fxg4 18. Ng5 Be5+ 19. Nh3 gxh3 20. g3 Qxc4 21. Kh2 Rf7 22. f4 Bg7 23. Qh5 Qd3 24. Rf2 Re8 25. Rcf1 Bd4 26. Qd5 c6 27. Qxd6 Rf6 28. Qd7 Re7 29. Qd8+ Rf8 30. Qd6 Rf6 31. Qd8+ Kf7 32. Bc1 Re8 33. Qd7+ Re7 34. Qd8 Qc4 35. Rf3 Bxc3 36. bxc3 Qxa2+ 37. R1f2 Re2 38. Be3 Rxf2+ 39. Rxf2 Qe6 40. Bd4 Rf5 41. Bxa7 Rd5 42. Qc7+ Qd7 43. Qxd7+ Rxd7 44. Bd4 Ne7 45. g4 h5 46. Kxh3 hxg4+ 47. Kxg4 Rd5 48. Rh2 Nf5 49. Rh7+ Kg6 50. Rxb7 Nxd4 51. cxd4 Rxd4 1/2-1/2


[Site "http://www.Chess.com"]

[Event "FIDE World Rapid Chess Championship 2021"]
[White "Zvjaginsev, Vadim"]
[Black "Salem, A.R. Saleh"]
[WhiteFideId "4113403"]
[BlackFideId "9301348"]
[WhiteElo "2539"]
[BlackElo "2729"]
[Result "0-1"]
[Round "06"]
[TimeControl "900+10"]
[Date "2021.12.27"]
[WhiteClock "0:01:20"]
[BlackClock "0:00:35"]

1. e4 c5 2. d3 Nc6 3. f4 g6 4. Nf3 Bg7 5. Be2 d6 6. O-O Nh6 7. c3 O-O 8. h3 f5 9. Be3 Nf7 10. Na3 b6 11. exf5 gxf5 12. d4 e6 13. Re1 Ne7 14. c4 Bb7 15. Qd2 a6 16. Rad1 Qc7 17. Bf2 Rfe8 18. Nb1 Ng6 19. Nc3 Rad8 20. h4 e5 21. Nd5 Bxd5 22. cxd5 e4 23. h5 exf3 24. hxg6 fxe2 25. gxf7+ Qxf7 26. Rxe2 Re4 27. dxc5 bxc5 28. Rxe4 fxe4 29. Be3 Re8 30. b3 h5 31. Qf2 Qf5 32. Qg3 Kh7 33. Qg5 Qxg5 34. fxg5 Kg6 35. Kf2 a5 36. Bf4 Be5 37. Ke3 Bxf4+ 38. Kxf4 e3 39. Re1 e2 0-1


[Site "http://www.Chess.com"]

[Event "FIDE World Rapid Chess Championship 2021"]
[White "Mastrovasilis, Dimitrios"]
[Black "Sargissian, Gabriel"]
[WhiteFideId "4202694"]
[BlackFideId "13300881"]
[WhiteElo "2534"]
[BlackElo "2693"]
[Result "1/2-1/2"]
[Round "06"]
[TimeControl "900+10"]
[Date "2021.12.27"]
[WhiteClock "0:00:18"]
[BlackClock "0:00:45"]

1. e4 e5 2. Nf3 Nc6 3. Nc3 Nf6 4. d4 exd4 5. Nxd4 Bb4 6. Nxc6 bxc6 7. Bd3 d5 8. exd5 O-O 9. O-O cxd5 10. h3 c6 11. Qf3 Bd6 12. Bg5 h6 13. Bxf6 Qxf6 14. Qxf6 gxf6 15. Ne2 Be5 16. Rab1 c5 17. b3 Be6 18. f4 Bc7 19. Ng3 c4 20. Bf5 Rfe8 21. bxc4 dxc4 22. Bxe6 Rxe6 23. Rb7 Bb6+ 24. Kh2 Rc6 25. Nf5 Rc7 26. Nxh6+ Kf8 27. Rxc7 Bxc7 28. Nf5 Rd8 29. Kg3 Rd5 30. Kg4 Rd2 31. g3 Rxc2 32. Ne3 Rxa2 33. Nxc4 Re2 34. Ra1 a5 35. Nxa5 Bxa5 36. Rxa5 Kg7 37. h4 Re3 38. h5 Rb3 39. Rc5 Ra3 40. Rb5 Rc3 41. Kh4 Ra3 42. Rb6 Ra5 43. Kg4 Rc5 44. Ra6 Rb5 45. Rc6 Ra5 46. h6+ Kxh6 47. Rxf6+ Kg7 48. Rb6 Rc5 49. Ra6 Rb5 50. Kh4 f6 51. g4 Rc5 52. Ra7+ Kh6 53. Ra3 Kg6 54. Kg3 Rc6 55. Kf3 Rb6 56. Rd3 Ra6 57. Rd8 Ra4 58. Ke3 Ra3+ 59. Rd3 Ra4 60. Rd6 Ra3+ 61. Ke4 Ra4+ 62. Rd4 Ra5 63. Rc4 Rb5 64. Ra4 f5+ 65. gxf5+ Rxf5 66. Ra6+ Rf6 67. f5+ Kf7 68. Re6 Rxe6+ 69. fxe6+ Kxe6 1/2-1/2


[Site "http://www.Chess.com"]

[Event "FIDE World Rapid Chess Championship 2021"]
[White "Durarbayli, Vasif"]
[Black "Kovalev, Vladislav"]
[WhiteFideId "13402935"]
[BlackFideId "13504398"]
[WhiteElo "2532"]
[BlackElo "2647"]
[Result "1-0"]
[Round "06"]
[TimeControl "900+10"]
[Date "2021.12.27"]
[WhiteClock "0:00:17"]
[BlackClock "0:01:02"]

1. e4 e5 2. Nc3 Nc6 3. Bc4 Nf6 4. d3 Na5 5. Nge2 Nxc4 6. dxc4 d6 7. b3 Be7 8. h3 O-O 9. Qd3 Nd7 10. Be3 Nc5 11. Qd2 f5 12. exf5 Bxf5 13. Ng3 Bg6 14. Bxc5 dxc5 15. Rd1 Qxd2+ 16. Rxd2 Rad8 17. Rxd8 Rxd8 18. Nge4 Rd4 19. f3 c6 20. Ke2 Kf7 21. a4 Bd8 22. Rd1 Ba5 23. Rxd4 exd4 24. Nd6+ Ke6 25. Nce4 b6 26. f4 h6 27. g4 Bh7 28. Kf3 Be1 29. f5+ Ke7 30. Kf4 Bh4 31. a5 Kd7 32. Nf7 Bd8 33. Ne5+ Kc7 34. axb6+ axb6 35. Kg3 Bg8 36. h4 b5 37. cxb5 cxb5 38. Nxc5 Kd6 39. Ncd3 Kd5 40. Nf3 Bc7+ 41. Kf2 Bd6 42. Nd2 Bf7 43. Kf3 Be7 44. h5 Be8 45. Ne4 Bf8 46. Nf4+ Kc6 47. Ne6 Be7 48. Nxg7 Bf7 49. Ne6 Kd5 50. Nf4+ Kc6 51. Ng6 Bd6 52. Nxd6 Kxd6 53. Ke4 Kc5 54. Ne5 Bd5+ 55. Kd3 Bg2 56. f6 Kd5 1-0


[Site "http://www.Chess.com"]

[Event "FIDE World Rapid Chess Championship 2021"]
[White "Kantor, Gergely"]
[Black "Antipov, Mikhail Al."]
[WhiteFideId "751499"]
[BlackFideId "4107012"]
[WhiteElo "2454"]
[BlackElo "2644"]
[Result "1/2-1/2"]
[Round "06"]
[TimeControl "900+10"]
[Date "2021.12.27"]
[WhiteClock "0:00:46"]
[BlackClock "0:00:16"]

1. d4 Nf6 2. c4 g6 3. Nc3 d5 4. cxd5 Nxd5 5. e4 Nxc3 6. bxc3 Bg7 7. Be3 c5 8. Rc1 Qa5 9. Qd2 cxd4 10. cxd4 Qxd2+ 11. Bxd2 O-O 12. Nf3 Bg4 13. Be3 Rd8 14. Bb5 Bxf3 15. gxf3 Nc6 16. Bxc6 bxc6 17. e5 Rab8 18. O-O f6 19. f4 Rb2 20. a4 Ra2 21. Rxc6 Rxa4 22. Rb1 g5 23. fxg5 fxe5 24. dxe5 Bxe5 25. Rb7 Rd6 26. Rxd6 Bxd6 27. Rxa7 Rxa7 28. Bxa7 Kf7 29. Kg2 Kg6 30. Be3 Kf5 31. f3 e5 32. h4 e4 33. Bd4 exf3+ 34. Kxf3 Be7 35. Be3 Bd8 36. Bc5 Bxg5 37. hxg5 Kxg5 1/2-1/2


[Site "http://www.Chess.com"]

[Event "FIDE World Rapid Chess Championship 2021"]
[White "Sjugirov, Sanan"]
[Black "Murzin, Volodar"]
[WhiteFideId "4189302"]
[BlackFideId "44155573"]
[WhiteElo "2634"]
[BlackElo "2523"]
[Result "1-0"]
[Round "06"]
[TimeControl "900+10"]
[Date "2021.12.27"]
[WhiteClock "0:00:39"]
[BlackClock "0:00:17"]

1. e4 c6 2. d4 d5 3. e5 Bf5 4. Nf3 e6 5. Be2 Ne7 6. c3 h6 7. Nbd2 Bh7 8. Nb3 Nd7 9. O-O Ng6 10. g3 Be7 11. h4 O-O 12. h5 Nh8 13. Bd3 Bxd3 14. Qxd3 f6 15. Qe2 Qe8 16. exf6 Bxf6 17. Bf4 Qxh5 18. Qxe6+ Rf7 19. Kg2 Ng6 20. Be3 Ngf8 21. Qh3 Qg6 22. Rae1 a5 23. Bf4 a4 24. Nbd2 Qc2 25. Re2 a3 26. bxa3 Qxc3 27. Ne5 Bxe5 28. dxe5 Nc5 29. e6 Ncxe6 30. Rxe6 Rxf4 31. Re3 Rxf2+ 32. Kxf2 Qxd2+ 33. Re2 Qd3 34. Qg4 Nh7 35. Kg2 Ng5 36. Re7 Qxa3 37. Qd7 Qc3 38. Qxb7 Rxa2+ 39. Kh1 Qd3 40. Rxg7+ 1-0


[Site "http://www.Chess.com"]

[Event "FIDE World Rapid Chess Championship 2021"]
[White "Howell, David W L"]
[Black "Michalik, Peter"]
[WhiteFideId "410608"]
[BlackFideId "14907526"]
[WhiteElo "2624"]
[BlackElo "2515"]
[Result "1-0"]
[Round "06"]
[TimeControl "900+10"]
[Date "2021.12.27"]
[WhiteClock "0:01:07"]
[BlackClock "0:00:19"]

1. Nf3 d5 2. g3 Nf6 3. Bg2 e6 4. c4 Be7 5. d4 O-O 6. Nc3 dxc4 7. Ne5 Nc6 8. Bxc6 bxc6 9. Nxc6 Qe8 10. Nxe7+ Qxe7 11. Qa4 a5 12. Qxc4 Ba6 13. Qc5 Qd7 14. f3 Rfd8 15. Be3 Nd5 16. Kf2 Rab8 17. b3 Rb6 18. Nxd5 exd5 19. Rac1 Re6 20. Qxc7 Rxe3 21. Kxe3 Re8+ 22. Kd2 Rxe2+ 23. Kd1 Qb5 24. Rc2 Qd3+ 25. Kc1 h5 26. Rxe2 Qxe2 27. Qxa5 Bd3 28. Qd2 Qxf3 29. Re1 Be4 30. Kb2 Kh7 31. a4 Qf6 32. Rc1 Qa6 33. Ka3 Qd6+ 34. b4 Bg6 35. Rc5 Qf6 36. b5 Qf1 37. Rc1 Qf3+ 38. Kb4 f6 39. b6 Qe4 40. Re1 1-0


[Site "http://www.Chess.com"]

[Event "FIDE World Rapid Chess Championship 2021"]
[White "Adly, Ahmed"]
[Black "Gajewski, Grzegorz"]
[WhiteFideId "10601619"]
[BlackFideId "1116207"]
[WhiteElo "2597"]
[BlackElo "2496"]
[Result "1/2-1/2"]
[Round "06"]
[TimeControl "900+10"]
[Date "2021.12.27"]
[WhiteClock "0:00:44"]
[BlackClock "0:00:45"]

1. Nf3 d5 2. g3 c6 3. Bg2 Bg4 4. O-O Nd7 5. d3 Ngf6 6. Nbd2 e6 7. e4 Be7 8. h3 Bh5 9. g4 Bg6 10. Nh4 dxe4 11. Nxg6 hxg6 12. dxe4 Qc7 13. Qe2 O-O-O 14. Nf3 Bd6 15. Rd1 Bf4 16. Bxf4 Qxf4 17. e5 Ne4 18. Rd4 Ndc5 19. Qe3 Qxe3 20. fxe3 a5 21. a3 a4 22. Rf1 f5 23. exf6 gxf6 24. Rfd1 e5 25. Rxd8+ Rxd8 26. Rxd8+ Kxd8 27. h4 Ke7 28. Kf1 Nd6 29. Nd2 f5 30. g5 e4 31. Kf2 Nf7 32. Bf1 Ne5 33. Be2 b5 34. Kg3 Ne6 35. Nb1 Kd6 36. b3 axb3 37. cxb3 Nd3 38. Nd2 c5 39. Nb1 Ke5 40. a4 c4 41. a5 cxb3 42. Bxd3 exd3 43. a6 Nc7 44. a7 b4 45. Kf3 Kd5 46. Nd2 b2 47. Kf4 Kc6 48. Ke5 Kb7 49. Kd4 Ne6+ 50. Kxd3 f4 51. exf4 Nxf4+ 52. Kc2 Kxa7 53. Kb3 Nd3 54. Kc2 Nf4 55. Kxb2 Kb6 56. Kb3 Kb5 57. Nf3 Kc5 58. Ne5 Kd5 59. Nxg6 Nxg6 60. h5 Nf4 61. Kxb4 Nxh5 62. g6 Ke6 63. g7 Nxg7 1/2-1/2


[Site "http://www.Chess.com"]

[Event "FIDE World Rapid Chess Championship 2021"]
[White "Timofeev, Artyom"]
[Black "Puranik, Abhimanyu"]
[WhiteFideId "4140419"]
[BlackFideId "5061245"]
[WhiteElo "2591"]
[BlackElo "2472"]
[Result "1-0"]
[Round "06"]
[TimeControl "900+10"]
[Date "2021.12.27"]
[WhiteClock "0:00:58"]
[BlackClock "0:00:19"]

1. d4 Nf6 2. Nf3 g6 3. Nbd2 c5 4. e3 Bg7 5. Be2 O-O 6. O-O d6 7. c3 b6 8. a4 Nc6 9. Re1 cxd4 10. exd4 Bb7 11. Bf1 Qc7 12. Nc4 Nd5 13. Bg5 h6 14. Bd2 Rad8 15. Qb3 e5 16. Rad1 Kh7 17. Bc1 f5 18. g3 e4 19. Nh4 Rde8 20. Ng2 g5 21. Qc2 Bc8 22. h4 Qd8 23. hxg5 hxg5 24. Qe2 Kg6 25. f3 f4 26. fxe4 f3 27. Qf2 Nf6 28. Qxf3 Ng4 29. Qe2 Nf2 30. Nf4+ gxf4 31. Qxf2 f3 32. Bd3 Bh6 33. e5+ Bf5 34. Qxf3 Bxc1 35. Nxd6 Ne7 36. Rxc1 Bxd3 37. Qxd3+ Kg7 38. Nxe8+ Qxe8 39. Rf1 Rh8 40. Qf3 Rh6 41. Rce1 Rg6 42. e6 Qb8 43. Re5 Nc6 44. Qxc6 Rxg3+ 45. Kf2 1-0


[Site "http://www.Chess.com"]

[Event "FIDE World Rapid Chess Championship 2021"]
[White "Bluebaum, Matthias"]
[Black "Sadhwani, Raunak"]
[WhiteFideId "24651516"]
[BlackFideId "35093487"]
[WhiteElo "2575"]
[BlackElo "2454"]
[Result "1/2-1/2"]
[Round "06"]
[TimeControl "900+10"]
[Date "2021.12.27"]
[WhiteClock "0:02:00"]
[BlackClock "0:01:12"]

1. d4 Nf6 2. Nf3 d5 3. e3 e6 4. Bd3 b6 5. O-O Bb7 6. b3 Bd6 7. c4 Nbd7 8. cxd5 exd5 9. Ba3 Bxa3 10. Nxa3 a6 11. Rc1 O-O 12. Nb1 Re8 13. Nc3 c5 14. Qe2 Qe7 15. Rfd1 Nf8 16. Qb2 g6 17. Bf1 Ne6 18. g3 c4 19. Bg2 b5 20. b4 Nc7 21. Nd2 h5 22. Re1 Ne4 23. Rcd1 Nxc3 24. Qxc3 a5 25. bxa5 b4 26. Qc1 Nb5 27. e4 Nc3 28. exd5 Qd8 29. Nxc4 Rxe1+ 30. Rxe1 Rc8 31. Qe3 Rxc4 32. d6 Bxg2 33. Qe8+ Qxe8 34. Rxe8+ Kg7 35. Kxg2 Rxd4 36. a6 Nb5 1/2-1/2


[Site "http://www.Chess.com"]

[Event "FIDE World Rapid Chess Championship 2021"]
[White "Costachi, Mihnea"]
[Black "Vakhidov, Jakhongir"]
[WhiteFideId "1217518"]
[BlackFideId "14201801"]
[WhiteElo "2443"]
[BlackElo "2566"]
[Result "1-0"]
[Round "06"]
[TimeControl "900+10"]
[Date "2021.12.27"]
[WhiteClock "0:00:23"]
[BlackClock "0:00:20"]

1. d4 Nf6 2. Nf3 g6 3. g3 Bg7 4. Bg2 O-O 5. O-O d6 6. b3 e5 7. dxe5 dxe5 8. Ba3 Qxd1 9. Rxd1 Re8 10. c4 e4 11. Nd4 e3 12. f3 a6 13. Nc3 Nbd7 14. Rac1 c6 15. Bd6 h5 16. Na4 Nh7 17. c5 Nhf6 18. f4 Ne4 19. Bxe4 Rxe4 20. Nc2 a5 21. Rd3 Ra6 22. Rcd1 Nf6 23. Rxe3 Bf5 24. Rxe4 Nxe4 25. Ne3 Be6 26. Bc7 Ra8 27. Kg2 Bf8 28. Bb6 Re8 29. Nc4 Bh3+ 30. Kg1 Nf6 31. Ne5 Nd5 32. e4 Nxb6 33. cxb6 Kg7 34. Kf2 f6 35. Nd3 Rxe4 36. Ndc5 Re7 37. Rd8 Bg4 38. Nc3 Rf7 39. N3a4 Re7 40. Rb8 Re2+ 41. Kf1 Rc2 42. Rxb7+ Kh6 43. Rb8 Bxc5 44. Nxc5 Rxc5 45. b7 Rb5 46. Rh8+ Kg7 47. b8=Q 1-0


[Site "http://www.Chess.com"]

[Event "FIDE World Rapid Chess Championship 2021"]
[White "Corrales Jimenez, Fidel"]
[Black "Bellahcene, Bilel"]
[WhiteFideId "3506690"]
[BlackFideId "696358"]
[WhiteElo "2561"]
[BlackElo "2397"]
[Result "1-0"]
[Round "06"]
[TimeControl "900+10"]
[Date "2021.12.27"]
[WhiteClock "0:07:35"]
[BlackClock "0:00:26"]

1. e4 c5 2. Nf3 d6 3. d4 cxd4 4. Nxd4 Nf6 5. Nc3 Nc6 6. Bg5 e6 7. Qd2 a6 8. O-O-O Bd7 9. Nxc6 Bxc6 10. Bd3 b5 11. f3 Be7 12. h4 h6 13. Be3 h5 14. Bg5 Qb6 15. Kb1 b4 16. Ne2 a5 17. Nf4 a4 18. Bc4 Bb5 19. Bxb5+ Qxb5 20. Rhe1 Rc8 21. Re3 Rc6 22. Rd3 Qc5 23. c3 bxc3 24. Rxc3 Qb5 25. Rdc1 Rxc3 26. Qxc3 Bd8 27. Qc6+ Qxc6 28. Rxc6 a3 29. Rxd6 Bc7 30. Ra6 1-0


[Site "http://www.Chess.com"]

[Event "FIDE World Rapid Chess Championship 2021"]
[White "Erigaisi, Arjun"]
[Black "Parligras, Mircea-Emilian"]
[WhiteFideId "35009192"]
[BlackFideId "1204297"]
[WhiteElo "2397"]
[BlackElo "2550"]
[Result "0-1"]
[Round "06"]
[TimeControl "900+10"]
[Date "2021.12.27"]
[WhiteClock "0:04:36"]
[BlackClock "0:05:42"]

1. Nf3 d5 2. c4 e6 3. g3 d4 4. Bg2 c5 5. d3 Nc6 6. O-O Nf6 7. e3 Bd6 8. exd4 cxd4 9. Na3 O-O 10. Re1 h6 11. Nb5 Re8 12. Nxd6 Qxd6 13. Bd2 a5 14. Rc1 e5 15. Qb3 a4 16. Qb5 Bf5 17. c5 Qc7 18. Nh4 Bh7 19. Be4 Nxe4 20. dxe4 Qd7 21. Qd3 Qe6 22. Rc4 g5 23. Nf5 Bxf5 24. exf5 e4 25. fxe6 exd3 26. e7 f6 27. f4 Kf7 28. Kf2 Rxe7 29. Rxe7+ Kxe7 30. Kf3 f5 31. Rc1 g4+ 32. Kf2 Ke6 33. Rd1 Kd5 34. Bc1 Ra5 35. h3 h5 36. hxg4 hxg4 37. Rxd3 Rxc5 38. Rd1 Rc2+ 39. Kf1 b5 40. Re1 d3 41. Rd1 Nd4 42. a3 Ke4 43. Bd2 Rxb2 44. Be1 Nc2 45. Bf2 Ne3+ 46. Bxe3 Kxe3 47. Re1+ Kf3 48. Rd1 d2 0-1


[Site "http://www.Chess.com"]

[Event "FIDE World Rapid Chess Championship 2021"]
[White "Shoker, Samy"]
[Black "Van Foreest, Lucas"]
[WhiteFideId "627143"]
[BlackFideId "1039792"]
[WhiteElo "2550"]
[BlackElo "2374"]
[Result "1-0"]
[Round "06"]
[TimeControl "900+10"]
[Date "2021.12.27"]
[WhiteClock "0:01:02"]
[BlackClock "0:05:06"]

1. Nf3 d5 2. g3 Nf6 3. Bg2 e6 4. O-O Be7 5. d3 O-O 6. Nbd2 c5 7. e4 Nc6 8. Re1 h6 9. c3 Re8 10. a3 a5 11. a4 Bf8 12. h3 b6 13. g4 Ba6 14. Bf1 Qc7 15. Nb1 Rad8 16. Qc2 c4 17. e5 cxd3 18. Bxd3 Bxd3 19. Qxd3 Nd7 20. Qe2 f6 21. exf6 Nxf6 22. Na3 Ne4 23. Nb5 Qf7 24. Be3 Bc5 25. Nfd4 Nxd4 26. cxd4 Bb4 27. Rec1 e5 28. Rc7 Re7 29. Rxe7 Qxe7 30. dxe5 Bc5 31. Nd4 Bxd4 32. Bxd4 Ng5 33. h4 Nh3+ 34. Kf1 Qxh4 35. Ra3 Rf8 36. Bxb6 Nxf2 37. Rf3 Ne4 38. Rxf8+ Kxf8 39. Qf3+ Ke7 40. Bxa5 Qg5 41. Bb4+ Ke6 42. Qf5+ Qxf5+ 43. gxf5+ Kxe5 44. a5 Nd6 45. a6 Nb5 46. Bc5 d4 47. Ke2 Kd5 48. a7 Nc7 49. Bf8 h5 50. Bxg7 h4 51. Kf3 h3 52. Kg3 Ke4 53. f6 Kd5 1-0


[Site "http://www.Chess.com"]

[Event "FIDE World Rapid Chess Championship 2021"]
[White "Indjic, Aleksandar"]
[Black "Babazada, Khazar"]
[WhiteFideId "911925"]
[BlackFideId "13413554"]
[WhiteElo "2544"]
[BlackElo "2170"]
[Result "1-0"]
[Round "06"]
[TimeControl "900+10"]
[Date "2021.12.27"]
[WhiteClock "0:07:37"]
[BlackClock "0:00:31"]

1. d4 g6 2. c4 Bg7 3. e4 d6 4. Nc3 Nf6 5. Nf3 O-O 6. Be2 e5 7. Be3 Nc6 8. d5 Ne7 9. Nd2 Nd7 10. b4 f5 11. f3 a5 12. a3 f4 13. Bf2 g5 14. c5 Nf6 15. Nc4 axb4 16. axb4 Rxa1 17. Qxa1 g4 18. b5 g3 19. hxg3 fxg3 20. Bxg3 Ng6 21. c6 bxc6 22. bxc6 Nf4 23. Bf1 N6h5 24. Bh4 Qe8 25. Qa7 Qg6 26. g4 Nf6 27. Qxc7 Bxg4 28. Rg1 Ne8 29. Qe7 Bf6 30. Rxg4 1-0


[Site "http://www.Chess.com"]

[Event "FIDE World Rapid Chess Championship 2021"]
[White "Teclaf, Pawel"]
[Black "Bartel, Mateusz"]
[WhiteFideId "1185934"]
[BlackFideId "1112635"]
[WhiteElo "2345"]
[BlackElo "2543"]
[Result "1/2-1/2"]
[Round "06"]
[TimeControl "900+10"]
[Date "2021.12.27"]
[WhiteClock "0:04:13"]
[BlackClock "0:03:32"]

1. e4 e5 2. Nf3 Nc6 3. Bb5 a6 4. Ba4 Nf6 5. O-O Be7 6. d3 d6 7. a3 O-O 8. h3 Nd7 9. Be3 Bf6 10. Nc3 Ne7 11. Bb3 c5 12. Nh2 Ng6 13. Ng4 Nb6 14. a4 Be6 15. Ba2 Bg5 16. a5 Nd7 17. Nd5 Nf4 18. Qd2 Bxd5 19. Bxd5 Nxd5 20. Bxg5 f6 21. Bh4 Ne7 1/2-1/2


[Site "http://www.Chess.com"]

[Event "FIDE World Rapid Chess Championship 2021"]
[White "Kobalia, Mikhail"]
[Black "Suleymanli, Aydin"]
[WhiteFideId "4119150"]
[BlackFideId "13413937"]
[WhiteElo "2543"]
[BlackElo "2202"]
[Result "0-1"]
[Round "06"]
[TimeControl "900+10"]
[Date "2021.12.27"]
[WhiteClock "0:01:14"]
[BlackClock "0:00:34"]

1. e4 c6 2. d4 d5 3. exd5 cxd5 4. Bd3 Nc6 5. c3 Qc7 6. h3 g6 7. Ne2 Bf5 8. Bxf5 gxf5 9. Bf4 Qd7 10. Nd2 e6 11. g4 Nge7 12. Ng3 Ng6 13. Bg5 Be7 14. Bh6 O-O-O 15. gxf5 exf5 16. Qh5 Qe6+ 17. Kd1 Nh4 18. Bg5 Ng2 19. Rg1 Bxg5 20. Rxg2 h6 21. h4 f4 22. Ne2 Rde8 23. Rg1 Bxh4 24. Nxf4 Qf6 25. Nxd5 Qxf2 26. Rf1 Qh2 27. Nf6 Re6 28. Nfe4 Rhe8 29. Qf5 Kb8 30. d5 Re5 31. Qf4 Qxf4 32. Rxf4 Bg5 33. Rxf7 Rxd5 34. Nxg5 hxg5 35. Rf2 Ne5 36. Re2 Rc8 37. Kc2 Nc6 38. Re4 Nd4+ 39. Kc1 Rh8 40. Re1 Nf5 41. Kc2 Rh2 42. Rad1 g4 43. Kc1 g3 44. Nf3 Rxd1+ 45. Rxd1 Rf2 46. Ng1 g2 47. Nh3 Rf1 48. Kd2 Nh4 0-1


[Site "http://www.Chess.com"]

[Event "FIDE World Rapid Chess Championship 2021"]
[White "Tari, Aryan"]
[Black "Mitrabha, Guha"]
[WhiteFideId "1510045"]
[BlackFideId "5057000"]
[WhiteElo "2542"]
[BlackElo "2107"]
[Result "0-1"]
[Round "06"]
[TimeControl "900+10"]
[Date "2021.12.27"]
[WhiteClock "0:00:00"]
[BlackClock "0:00:59"]

1. d4 Nf6 2. Nf3 e6 3. Bf4 b6 4. e3 Bb7 5. Bd3 d6 6. h3 Nbd7 7. O-O g6 8. Bh2 Bg7 9. Nbd2 O-O 10. e4 Qe7 11. Re1 e5 12. c3 Nh5 13. a4 a6 14. Nc4 Kh8 15. b4 Rad8 16. Ra2 Rfe8 17. Rae2 Qf6 18. Qc1 Kg8 19. Kf1 Kf8 20. Bc2 h6 21. Bb3 Nf4 22. Re3 g5 23. Bxf4 Qxf4 24. dxe5 dxe5 25. Nfd2 g4 26. hxg4 Nf6 27. Rf3 Qxg4 28. Ne3 Qg5 29. Rg3 Qf4 30. Rf3 Qg5 31. Kg1 h5 32. Rf5 Qg6 33. Nf3 Bxe4 34. Nxe5 Rxe5 35. Rxe5 Bh6 36. Bc2 Bxe3 37. Bxe4 Bxc1 38. Bxg6 Bb2 39. Re7 fxg6 40. Rxc7 Rd6 41. f3 Nd5 42. Rc8+ Kf7 43. Rd1 Ke6 44. Rd2 Bxc3 45. Rxd5 Kxd5 46. Rxc3 Rc6 47. Re3 Rc4 48. b5 Rxa4 49. bxa6 Rxa6 50. Re8 b5 51. Rb8 Kc4 52. Kf2 b4 53. Ke3 b3 54. f4 Kc3 55. Rc8+ Kb2 56. Kd3 Ka2 57. Kd4 0-1


[Site "http://www.Chess.com"]

[Event "FIDE World Rapid Chess Championship 2021"]
[White "Aditya, Mittal"]
[Black "Karjakin, Sergey"]
[WhiteFideId "35042025"]
[BlackFideId "14109603"]
[WhiteElo "1488"]
[BlackElo "2757"]
[Result "0-1"]
[Round "06"]
[TimeControl "900+10"]
[Date "2021.12.27"]
[WhiteClock "0:00:43"]
[BlackClock "0:00:24"]

1. d4 Nf6 2. c4 e6 3. Nf3 b6 4. g3 Ba6 5. Qc2 Bb4+ 6. Bd2 Be7 7. e4 d5 8. cxd5 Bxf1 9. Kxf1 exd5 10. e5 Ne4 11. Be3 Qd7 12. Kg2 O-O 13. h4 c5 14. Nc3 cxd4 15. Bxd4 Rc8 16. Qe2 Nxc3 17. Bxc3 Nc6 18. Rad1 Rd8 19. Rd3 Qe6 20. Rhd1 Rd7 21. Qd2 Rad8 22. Qf4 h5 23. b4 b5 24. a3 a6 25. Bb2 Qg6 26. R3d2 a5 27. bxa5 Nxa5 28. Re2 Nc4 29. Rde1 Qg4 30. Qxg4 hxg4 31. Nd4 Bxa3 32. Bxa3 Nxa3 33. Ra1 Nc4 34. Nxb5 d4 35. Rd1 Rd5 36. e6 fxe6 37. Nc7 d3 38. Re4 Rd4 39. Rxd4 Rxd4 40. Nxe6 Rd6 41. h5 d2 42. Nc5 Nb2 0-1


[Site "http://www.Chess.com"]

[Event "FIDE World Rapid Chess Championship 2021"]
[White "Oparin, Grigoriy"]
[Black "Moroni, Luca Jr"]
[WhiteFideId "24125890"]
[BlackFideId "865834"]
[WhiteElo "2725"]
[BlackElo "2519"]
[Result "1/2-1/2"]
[Round "06"]
[TimeControl "900+10"]
[Date "2021.12.27"]
[WhiteClock "0:00:57"]
[BlackClock "0:00:28"]

1. e4 g6 2. d4 Bg7 3. Nf3 d6 4. Bd3 Nf6 5. O-O O-O 6. Re1 Nc6 7. c3 e5 8. h3 Qe7 9. Na3 Nh5 10. Bg5 Bf6 11. Be3 a6 12. Rc1 Bg7 13. b4 exd4 14. cxd4 Nxb4 15. Bb1 Nf6 16. d5 a5 17. Nb5 Na6 18. Bd4 Qd8 19. Qc2 Bd7 20. Qb2 Re8 21. a4 Bxb5 22. Qxb5 Nd7 23. Qxb7 Bxd4 24. Nxd4 Ndc5 25. Qb5 Nb4 26. e5 Rxe5 27. Rxe5 dxe5 28. Nc6 Nxc6 29. dxc6 Ne6 30. Qxe5 Qd2 31. Qc3 Qxc3 32. Rxc3 Rb8 33. Ba2 Nd4 34. Rc5 Rb4 35. Rxa5 Nxc6 36. Ra6 Ne5 37. a5 Ra4 38. Bd5 c6 39. Bb3 Ra3 40. Bc2 Ra1+ 41. Kh2 Ra2 42. Be4 Rxf2 43. Bxc6 Nxc6 1/2-1/2


[Site "http://www.Chess.com"]

[Event "FIDE World Rapid Chess Championship 2021"]
[White "Czarnota, Pawel"]
[Black "Artemiev, Vladislav"]
[WhiteFideId "1121219"]
[BlackFideId "24101605"]
[WhiteElo "2511"]
[BlackElo "2714"]
[Result "1/2-1/2"]
[Round "06"]
[TimeControl "900+10"]
[Date "2021.12.27"]
[WhiteClock "0:01:46"]
[BlackClock "0:00:38"]

1. e4 c6 2. d4 d5 3. Nc3 dxe4 4. Nxe4 Bf5 5. Ng3 Bg6 6. Nh3 e6 7. Nf4 Bd6 8. c3 Nf6 9. Qf3 Nbd7 10. Bc4 Nb6 11. Bb3 Nbd5 12. Nxg6 hxg6 13. Bg5 a5 14. Bc2 Qc7 15. h3 Bf4 16. Bxf4 Qxf4 17. Qxf4 Nxf4 18. O-O O-O-O 19. Rfe1 Rd5 20. a3 g5 21. b4 g4 22. hxg4 Nxg4 23. Bd1 Nf6 24. Bf3 Rg5 25. Ne4 Nxe4 26. Rxe4 Nh3+ 27. Kf1 Rf5 28. Ke2 Nf4+ 29. Ke3 g5 30. c4 Rh2 31. Rg1 axb4 32. axb4 b5 33. Re5 Rxe5+ 34. dxe5 bxc4 35. Bxc6 Nd3 36. b5 Nxe5 37. Kd4 Nxc6+ 38. bxc6 Kc7 39. Kxc4 Kxc6 40. Kd4 Kd6 41. Ke3 f5 42. g3 Ke5 43. Ra1 Kf6 44. Ra8 Rh1 45. Rf8+ Kg7 46. Ra8 Kf7 47. Ke2 Rb1 48. Rc8 Kf6 49. Ke3 Rb3+ 50. Ke2 Ke5 51. Rc4 Kd5 52. Ra4 Rc3 53. Ra8 Kd4 54. Ra4+ Rc4 55. Ra2 Ke4 56. Rb2 e5 57. Ra2 Kd5 58. Rd2+ Ke6 59. Ra2 Re4+ 60. Kf1 Rd4 61. Ke2 Rc4 62. Rd2 e4 63. Ra2 f4 64. gxf4 gxf4 65. Ra5 Rc2+ 66. Ke1 Rb2 67. Rh5 Rb4 68. Ke2 Ra4 69. Rb5 Rd4 70. Rh5 Rd5 71. Rh8 Ke5 72. Re8+ Kd4 73. f3 Re5 74. Rxe5 Kxe5 75. fxe4 Kxe4 76. Kf2 f3 77. Kf1 Ke3 78. Ke1 f2+ 79. Kf1 Kf3 1/2-1/2


[Site "http://www.Chess.com"]